 Dungeon Crawl Stone Soup version 0.21.1-1-g345015fe64 (webtiles) character file.

71 Revguard the Firebug (level 4, -3/34 HPs)
             Began as a Draconian Fire Elementalist on June 12, 2018.
             Slain by a gnoll
             ... wielding a +0 halberd
              (7 damage)
             ... on level 2 of the Dungeon.
             The game lasted 00:08:02 (1494 turns).

Revguard the Firebug (Draconian Fire Elementalist)  Turns: 1494, Time: 00:08:02

Health: -3/34      AC:  5    Str: 11    XL:     4   Next: 5%
Magic:  6/7        EV: 12    Int: 15    God:
Gold:   67         SH:  0    Dex: 12    Spells: 4/7 levels left

rFire    + . .     SeeInvis .   (no weapon)
rCold    x . .     Gourm    .   (no shield)
rNeg     . . .     Faith    .   (armour unavailable)
rPois    .         Spirit   .   (helmet restricted)
rElec    .         Reflect  .   (no cloak)
rCorr    .         Harm     .   (no gloves)
MR       .....                  (no boots)
Stlth    ++........             (no amulet)
HPRegen  0.11/turn              e - ring of fire
MPRegen  0.10/turn              (no ring)

@: no status effects
A: unfitting armour, cold-blooded, AC +5
a: no special abilities


You were on level 2 of the Dungeon.
You were not hungry.

You visited 1 branch of the dungeon, and saw 2 of its levels.

You collected 67 gold pieces.

Inventory:

Jewellery
 d - an uncursed amulet of rage
 e - a ring of fire (left hand)
Potions
 c - a potion of flight
Books
 a - a book of Flames

   Spells                             Type                      Level
   a - Flame Tongue                   Conjuration/Fire             1
   b - Throw Flame                    Conjuration/Fire             2
   c - Conjure Flame                  Conjuration/Fire             3
   d - Inner Flame                    Hexes/Fire                   3
   e - Sticky Flame                   Conjuration/Fire             4
   f - Fireball                       Conjuration/Fire             5
Comestibles
 b - 3 rations


   Skills:
 + Level 0.4 Fighting
 + Level 2.0 Dodging
 + Level 1.9 Stealth
 + Level 0.1 Unarmed Combat
 + Level 2.3 Spellcasting
 * Level 2.0 Conjurations
 + Level 3.9 Fire Magic


You had 4 spell levels left.
You knew the following spells:

 Your Spells              Type           Power        Failure   Level  Hunger
a - Flame Tongue          Conj/Fire      ###..        6%          1    #......
b - Throw Flame           Conj/Fire      ###...       10%         2    ###....


Dungeon Overview and Level Annotations

Branches:
Dungeon (2/15)

Altars:


Innate Abilities, Weirdness & Mutations

Your plain brown scales are hard. (AC +5)
You cannot fit into any form of body armour.
You are cold-blooded and may be slowed by cold attacks.


Message History

Casting: Throw Flame
Confirm with . or Enter, or press ? or * to list all spells.
Aiming: Throw Flame
Press: ? - help, Shift-Dir - straight line, f/p - gnoll
Aim: a gnoll, wielding a halberd (lightly wounded)
You feel a surge of power!
The puff of flame hits the gnoll.
The gnoll is moderately wounded.
The gnoll hits you from afar with a halberd.
* * * LOW HITPOINT WARNING * * *
The gnoll hits you from afar with a halberd.
* * * LOW HITPOINT WARNING * * *
As you read the scroll labeled DUH MUZYZINYXIF, it crumbles to dust.
It is a scroll of identify.
g - a scroll of fog You open the door.
The gnoll closely misses you.
There is an open door here.
As you read the scroll of fog, it crumbles to dust.
The scroll dissolves into smoke.
The gnoll hits you from afar with a halberd!
You die...

##################
.........g..gg...#
.###############g# .#### ##§####
########## ....#
###§@§§.####.........
###g#########.§§§§§..............
###.##........#§.§...##..........
....g.........#..!...##.##.......
#####.........#........?.......#.
#......K=.>..............$....
#.........#.................#.
#.........#.#+###.#####.....#.
###...g#!...#.###g............


You could see a gnoll.

Vanquished Creatures
  4 gnolls (D:2)
  An adder (D:2)
  A worm (D:2)
  A leopard gecko (D:2)
  A giant cockroach (D:1)
  4 goblins
  3 hobgoblins
  A kobold (D:1)
  3 bats
  3 frilled lizards
  A rat (D:1)
23 creatures vanquished.

Notes
Turn   | Place    | Note
-------+----------+-------------------------------------------
     0 | D:1      | Revguard the Draconian Fire Elementalist began the quest for the Orb.
     0 | D:1      | Reached XP level 1. HP: 14/14 MP: 3/3
   206 | D:1      | Reached XP level 2. HP: 20/20 MP: 0/5
   210 | D:1      | Learned a level 2 spell: Throw Flame
  1039 | D:2      | Reached XP level 3. HP: 26/26 MP: 0/6
  1364 | D:2      | Reached XP level 4. HP: 25/34 MP: 4/7
  1494 | D:2      | Slain by a gnoll

Skill      XL: |  1  2  3 |
---------------+----------+-----
Dodging        | 2 |  2.0
Conjurations   | 2 |  2.0
Fighting       | |  0.4
Stealth        | |  1.9
Unarmed Combat | |  0.1
Spellcasting   | |  2.3
Fire Magic     | |  3.9

Action                   |  1- 3 |  4- 6 || total
-------------------------+-------+-------++-------
Melee: Unarmed           |    37 |       ||    37
       Tailslap          |     7 |       ||     7
 Cast: Flame Tongue      |    30 |     3 ||    33
       Throw Flame       |    11 |     3 ||    14
  Use: Scroll            |       |     2 ||     2
       Potion            |       |     1 ||     1
  Eat: Ration            |     1 |       ||     1
Armor: Skin              |    33 |     2 ||    35
Dodge: Dodged            |    60 |    15 ||    75
